 Dungeon Crawl Stone Soup version 0.30-a0-937-ga0a21ad780 (webtiles) character file.

Game seed: 13567854602958185755

124 FexLirch the Cudgeller (level 5, -6/45 HPs)
             Began as a Meteoran Delver on Mar 24, 2023.
             Mangled by a gnoll
             ... wielding a +0 flail
              (11 damage)
             ... on level 4 of the Dungeon.
             The game lasted 00:01:43 (230 turns).

FexLirch the Cudgeller (Meteoran Delver)             Turns: 230, Time: 00:01:44

Health: -6/45      AC:  3    Str: 16    XL:     5   Next: 56%
Magic:  6/6        EV: 12    Int: 11    God:
Gold:   17         SH:  0    Dex: 15    Spells: 4/4 levels left

rFire   . . .      SeeInvis .    a - +0 mace
rCold   . . .      Faith    .    (no shield)
rNeg    . . .      Spirit   .    b - +0 leather armour
rPois   .          Reflect  .    (no helmet)
rElec   .          Rampage  .    (no cloak)
rCorr   .                        (no gloves)
Will    .....                    (no boots)
Stlth   +                        h - amulet of regeneration
HPRegen 1.07/turn                (no ring)
MPRegen 0.10/turn                (no ring)

@: glowing
A: sense surroundings 1, otherworldly, glowing, explore regen
a: no special abilities


You were on level 4 of the Dungeon.
You visited 1 branch of the dungeon, and saw 3 of its levels.

You collected 17 gold pieces.

Inventory:

Hand Weapons
 a - a +0 mace (weapon)
Missiles
 f - 3 stones (quivered)
Armour
 b - a +0 leather armour (worn)
Jewellery
 h - an amulet of regeneration (around neck)
Wands
 g - a wand of digging (3)
Scrolls
 c - a scroll of fog
 d - a scroll of magic mapping
 e - a scroll of fear
 i - a scroll of blinking {unknown}
 j - a scroll of immolation {unknown}


   Skills:
 - Level 3.2 Fighting
 + Level 6.8 Maces & Flails
 - Level 2.4 Dodging
 - Level 3.7 Stealth


You had 4 spell levels left.
You didn't know any spells.
Your spell library was empty.

Dungeon Overview and Level Annotations

Branches:
Dungeon (6/15) Zot: 1581
 Temple: D:4-7

Altars:
Vehumet

Annotations:
D:6 Grinder


Innate Abilities, Weirdness & Mutations

You passively map a small area around you.
You are easily found by Zot.
You glow in the dark.
You regain HP and MP as you explore.


Message History

The adder hisses angrily.
The adder closely misses you. The gnoll closely misses you.
You miss the adder. The adder closely misses you.
The gnoll hits you with a +0 flail.
You miss the adder. Your punch misses the adder.
The adder bites you but does no damage. The gnoll barely misses you.
The adder bites you.
You hit the adder but do no damage. The adder barely misses you.
The gnoll hits you with a +0 flail!
You barely miss the adder. The adder barely misses you.
The gnoll hits you with a +0 flail.
You hit the adder.
The adder is moderately wounded.
The adder barely misses you. The gnoll hits you with a +0 flail!
The adder misses you.
You barely miss the adder.
The adder is moderately wounded.
The adder bites you.
You are poisoned.
The adder poisons you! The gnoll hits you with a +0 flail.
You closely miss the adder.
The adder is moderately wounded.
You feel sick. The adder closely misses you.
The gnoll hits you with a +0 flail!
* * * LOW HITPOINT WARNING * * *
The adder bites you but does no damage.
You miss the adder.
The adder is moderately wounded.
You feel sick. The adder barely misses you. The gnoll hits you with a +0 flail.
* * * LOW HITPOINT WARNING * * *
You hit the adder.
The adder is heavily wounded.
You feel sick.
You are no longer poisoned.
The adder closely misses you. The gnoll barely misses you.
The adder bites you but does no damage.
You hit the adder.
The adder is heavily wounded.
The gnoll hits you with a +0 flail!
You die...

*, * * * * , * ### **,,
* , , , ,* # #.. , ,
..*,.###.#.# **, *
...#......##.#.#####.#
.#...#..#.#....S@ggg.#
..........####.#######*
#.._..#.#.####.#
.........#..).# *
.#...#..#.#.####
...#........# *
#.....#..#### *
..#.#...##
........#####


You could see 3 gnolls and an adder.

Vanquished Creatures
  A scorpion (D:4)
  2 hounds
  A white imp (D:5)
  A hobgoblin (D:4)
  A kobold (D:4)
6 creatures vanquished.

Notes
Turn   | Place    | Note
-------+----------+-------------------------------------------
     0 | D:5      | FexLirch the Meteoran Delver began the quest for the Orb.
     0 | D:5      | Reached XP level 1. HP: 19/19 MP: 2/2
     9 | D:6      | Noticed Grinder
    27 | D:5      | Noticed a hound
    41 | D:5      | Killed a hound
    42 | D:5      | Reached skill level 4 in Maces & Flails
    42 | D:5      | Reached XP level 2. HP: 15/26 MP: 3/3
    42 | D:5      | Reached XP level 3. HP: 18/31 MP: 4/4
    85 | D:5      | Reached skill level 5 in Maces & Flails
   166 | D:4      | Found a radiant altar of Vehumet.
   167 | D:4      | Noticed a scorpion
   186 | D:4      | Reached XP level 4. HP: 33/38 MP: 5/5
   193 | D:4      | Killed a scorpion
   194 | D:4      | Reached skill level 6 in Maces & Flails
   194 | D:4      | Reached XP level 5. HP: 20/45 MP: 6/6
   230 | D:4      | Mangled by a gnoll

Illustrated notes

Levels and vault maps discovered:
D:4:      layout_loops_ring, nicolae_vehumet_radiance, jmf_multi_god_temple2,
          uniq_edmund
D:5:      layout_layer_cave
D:6:      layout_basic, minmay_temple_entry_hall, kennysheep_boxes,
          uniq_grinder, uniq_duvessa

Skill      XL: |  1  2  3  4 |
---------------+-------------+-----
Maces & Flails | 4 5 6 |  6.8
Fighting       | |  3.2
Dodging        | |  2.4
Stealth        | |  3.7

Action                     |  1- 3 |  4- 6 || total
---------------------------+-------+-------++-------
  Melee: Mace              |    28 |    25 ||    53
    Use: Potion            |     1 |       ||     1
 Armour: Leather armour    |     4 |     6 ||    10
  Dodge: Dodged            |    18 |    18 ||    36

Table legend: (Time is in decaauts)
 A = Elapsed time spent in this place.
 B = Non-inter-level travel time spent in this place.
 C = Inter-level travel time spent in this place.
 D = Time resting spent in this place.
 E = Time spent auto-exploring this place.
 F = Levels seen in this place.
 G = Mean time per level.
                   A        B        C        D        E       F      G
               +--------+--------+--------+--------+--------+-----+--------+
         Total |    217 |    217 |      0 |      0 |      0 |   3 |   72.3 |
       Dungeon |    217 |    217 |      0 |      0 |      0 |   3 |   72.3 |
               +--------+--------+--------+--------+--------+-----+--------+

Top non-repeatable levels by time:
     D:5: 148 daAuts
     D:4: 67 daAuts
     D:6: 1 daAuts
